 Dungeon Crawl Stone Soup version 0.26-a0-707-g31817bc (webtiles) character file.

Game seed: 7724652653650030878

163 Mopster the Chopper (level 5, 0/45 HPs)
             Began as a Minotaur Berserker on Oct 26, 2020.
             Was a Believer of Trog.
             Slain by a crimson imp (3 damage)
             ... summoned by Natasha
             ... on level 3 of the Dungeon.
             The game lasted 00:03:28 (2321 turns).

Mopster the Chopper (Minotaur Berserker)            Turns: 2321, Time: 00:03:29

Health: 0/45       AC:  0    Str: 23    XL:     5   Next: 20%
Magic:  4/4        EV: 19    Int:  4    God:    Trog [**....]
Gold:   156        SH:  0    Dex: 14    Spells: 4/4 levels left

rFire    . . .     SeeInvis .   (weapon currently unavailable)
rCold    . . .     Faith    .   (shield currently unavailable)
rNeg     . . .     Spirit   .   (armour currently unavailable)
rPois    .         Reflect  .   (helmet currently unavailable)
rElec    .         Harm     .   (cloak currently unavailable)
rCorr    .         Rampage  .   (gloves currently unavailable)
MR       ++...                  (boots currently unavailable)
Stlth    ++........             (no amulet)
HPRegen  1.15/turn              (ring currently unavailable)
MPRegen  0.09/turn              (ring currently unavailable)

@: lethally poisoned (0 -> 0), bat-form, berserk cooldown, flying, regenerating,
slowed, quick
A: tiny, (retaliatory headbutt)
a: Berserk, Trog's Hand, Renounce Religion


You were on level 3 of the Dungeon.
You worshipped Trog.
Trog was pleased with you.
You were in bat-form.
You visited 1 branch of the dungeon, and saw 3 of its levels.

You collected 156 gold pieces.

Inventory:

Hand Weapons
 a - a +0 hand axe (melded)
Armour
 b - a +0 animal skin
 k - a +0 plate armour (melded)
 l - a +1 pair of gloves
Jewellery
 n - an uncursed ring of positive energy {unknown}
Scrolls
 d - a scroll of immolation {unknown}
 f - 2 scrolls of teleportation {unknown}
 h - 2 scrolls of identify {unknown}
 i - a scroll of remove curse {unknown}
Potions
 c - a potion of flight {unknown}
 e - 2 potions of might {unknown}
 g - a potion of heal wounds {unknown}
 j - a potion of curing {unknown}
 m - a potion of berserk rage {unknown}


   Skills:
 - Level 3.6 Fighting
 + Level 7.0 Axes
 - Level 2.4 Armour
 - Level 2.2 Dodging
 + Level 0.5 Stealth
 + Level 0.3 Unarmed Combat


You had 4 spell levels left.
You didn't know any spells.
Your spell library was empty.

Dungeon Overview and Level Annotations

Branches:
Dungeon (3/15)

Altars:
Fedhas

Annotations:
D:3 Natasha


Innate Abilities, Weirdness & Mutations

((You reflexively headbutt those who attack you in melee.))
((You have a pair of horns on your head.))


Message History

The adder poisons you! Natasha casts a spell at you.
You feel as though you will be slow longer.
The adder closely misses you.
You're still recovering from your berserk rage.
Unknown command.
You feel sick.
Your skin crawls.
You feel resistant to hostile enchantments.
You feel sick. The adder closely misses you. Natasha claws you!
* * * LOW HITPOINT WARNING * * *
The adder misses you.
Natasha mumbles some strange words.
You barely miss the crimson imp.
You feel sick. The adder bites you.
* * * LOW HITPOINT WARNING * * *
Natasha misses you. The adder closely misses you.
The crimson imp barely misses you.
You barely miss the crimson imp.
You feel sick. The adder misses you. Natasha completely misses you.
The crimson imp hits you.
You die...

#......#..#
#.........
#?....<.#
#.......#
#......##
####l...#
##lg##.# #Sh##
.. #b## .# #5# #
#.# #####.######
# #.....#....#.#
#...###....#.#
#...###......##
.
#....).........
..
#...###†...###.#
..


You could see Natasha, a crimson imp (summoned), an adder, a leopard gecko, a
hobgoblin and a frilled lizard.

Vanquished Creatures
  Jessica (D:3)
  Natasha (D:3)
  Terence (D:3)
  3 adders
  An ooze (D:1)
  2 worms (D:2)
  A dart slug (D:2)
  A leopard gecko (D:1)
  An orc (D:3)
  3 giant cockroaches
  4 goblins
  3 hobgoblins
  7 jackals
  3 quokkas
  3 bats
  3 frilled lizards (D:1)
  3 kobolds
  9 rats
50 creatures vanquished.

Notes
Turn   | Place    | Note
-------+----------+-------------------------------------------
     0 | D:1      | Mopster the Minotaur Berserker began the quest for the Orb.
     0 | D:1      | Reached XP level 1. HP: 19/19 MP: 0/0
   115 | D:1      | Reached skill level 4 in Axes
   202 | D:1      | Reached XP level 2. HP: 23/26 MP: 1/1
   833 | D:2      | Reached skill level 5 in Axes
   833 | D:2      | Reached XP level 3. HP: 17/31 MP: 2/2
  1222 | D:2      | Found a blossoming altar of Fedhas.
  1654 | D:2      | Reached ** piety under Trog
  2146 | D:3      | Reached skill level 6 in Axes
  2146 | D:3      | Reached XP level 4. HP: 38/39 MP: 3/3
  2167 | D:3      | Noticed Natasha
  2179 | D:3      | Killed Natasha
  2291 | D:3      | Noticed Jessica
  2292 | D:3      | Noticed Terence
  2294 | D:3      | Killed Jessica
  2296 | D:3      | Noticed Natasha
  2297 | D:3      | Reached XP level 5. HP: 45/45 MP: 4/4
  2299 | D:3      | Killed Terence
  2299 | D:3      | Reached skill level 7 in Axes
  2320 | D:3      | HP: 2/45 [adder (4)]
  2321 | D:3      | Slain by a crimson imp

Illustrated notes

Levels and vault maps discovered:
D:1:      minmay_arrival_up_and_down, layout_basic
D:2:      layout_loops_ring, minmay_strange_pillars, fedhas_ov_isle_minmay
D:3:      layout_rooms, led_xom_imps, uniq_terence, uniq_jessica, uniq_natasha

Skill      XL: |  1  2  3  4  5 |
---------------+----------------+-----
Axes           | 4 5 6 7 |  7.0
Fighting       | |  3.6
Armour         | |  2.4
Dodging        | |  2.2
Stealth        | |  0.5
Unarmed Combat | |  0.3

Action                   |  1- 3 |  4- 6 || total
-------------------------+-------+-------++-------
Melee: Hand axe          |    98 |     7 ||   105
       Headbutt          |    16 |     2 ||    18
       Unarmed           |       |    15 ||    15
Invok: Berserk           |     1 |     2 ||     3
       Trog's Hand       |       |     1 ||     1
Armor: Animal skin       |    13 |       ||    13
       Plate armour      |    15 |     4 ||    19
Dodge: Dodged            |    49 |    40 ||    89

Table legend: (Time is in decaauts)
 A = Elapsed time spent in this place.
 B = Non-inter-level travel time spent in this place.
 C = Inter-level travel time spent in this place.
 D = Time resting spent in this place.
 E = Time spent auto-exploring this place.
 F = Levels seen in this place.
 G = Mean time per level.
                   A        B        C        D        E       F      G
               +--------+--------+--------+--------+--------+-----+--------+
         Total |   2339 |   2246 |     93 |    412 |   1544 |   3 |  779.7 |
       Dungeon |   2339 |   2246 |     93 |    412 |   1544 |   3 |  779.7 |
               +--------+--------+--------+--------+--------+-----+--------+

Top non-repeatable levels by time:
     D:2: 1263 daAuts
     D:1: 809 daAuts
     D:3: 266 daAuts
